 Dungeon Crawl Stone Soup version 0.16.0-17-g811c1d7 (webtiles) character file.

280072 mcwill97 the Conqueror (level 20, -3/322 (324) HPs)
             Began as a Minotaur Berserker on Mar 21, 2015.
             Was the Champion of Trog.
             Slain by an azure jelly (5 damage)
             ... created by the royal jelly
             ... on level 6 of the Pits of Slime.
             The game lasted 02:55:07 (40519 turns).

mcwill97 the Conqueror (Minotaur Berserker)        Turns: 40519, Time: 02:55:08

HP:   -3/322 (324)  AC:  0    Str: 33    XL:     20   Next: 5%
MP:   1/7           EV: 15    Int:  4    God:    Trog [******]
Gold: 4267          SH:  0    Dex: 21    Spells: 0 memorised, 19 levels left

rFire  + . .     SeeInvis .     d - +7 double sword (freeze)
rCold  + + .     Clarity  .     M - +0 plate armour {rPois}
rNeg   + . .     SustAb   .     F - +2 shield of Resistance {rF+ rC+ MR+}
rPois  +         Gourm    .     (helmet restricted)
rElec  .         Spirit   .     Z - +0 cloak {rPois}
rCorr  +         Warding  .     W - +2 pair of gloves {Dex+3}
rMut   .         Stasis   .     B - +1 pair of boots {Stlth+}
MR     ++...                    G - amulet of resist corrosion
Stlth  ..........               u - ring of protection from cold
                                e - ring of positive energy

@: confused, mighty, agile, berserking (expiring), corroded equipment, very
slightly contaminated, hasted, very quick, very resistant to hostile
enchantments, extremely unstealthy
A: retaliatory headbutt, horns 2, talons 1, wild magic 1
a: Burn Spellbooks, Berserk, Trog's Hand, Brothers in Arms, Renounce Religion
}: 1/15 runes: decaying


You were on level 6 of the Pits of Slime.
You worshipped Trog.
Trog was exalted by your worship.
You were not hungry.

You visited 7 branches of the dungeon, and saw 42 of its levels.
You visited the Abyss 1 time.
You also visited: Labyrinth.

You collected 5216 gold pieces.
You spent 949 gold pieces at shops.

Inventory:

Hand weapons
 d - a +7 double sword of freezing (weapon)
Armour
 B - a +1 pair of boots of stealth (worn)
 F - the +2 shield of Resistance (worn) {rF+ rC+ MR+}
   (You acquired it on level 2 of the Lair of Beasts)

   It protects you from fire.
   It protects you from cold.
   It affects your resistance to hostile enchantments.
 M - a +0 plate armour of poison resistance (worn)
 W - a +2 pair of gloves of dexterity (worn)
 Z - a +0 cloak of poison resistance (worn)
Jewellery
 e - a ring of positive energy (left hand)
 u - a ring of protection from cold (right hand)
 G - an amulet of resist corrosion (around neck)
 L - an uncursed amulet of resist mutation
 R - an uncursed amulet of warding
 T - an uncursed ring of protection from magic
Magical devices
 Q - a wand of teleportation (9)
Scrolls
 a - a scroll of silence
 g - 2 scrolls of magic mapping
 h - 12 scrolls of remove curse
 j - 11 scrolls of teleportation
 l - 15 scrolls of identify
 m - 5 scrolls of fear
 v - 3 scrolls of blinking
 x - 2 scrolls of summoning
 y - 2 scrolls of fog
 A - 2 scrolls of holy word
Potions
 b - 3 potions of haste
 i - 6 potions of heal wounds
 k - a potion of cure mutation
 p - 3 potions of cancellation
 r - 5 potions of agility
 w - 2 potions of flight
 z - 6 potions of might
 C - 3 potions of restore abilities
 I - 11 potions of curing
 J - 4 potions of invisibility
 N - 6 potions of resistance
 X - a potion of magic
Comestibles
 c - 11 bread rations
 f - 10 meat rations
 n - 3 slices of pizza
 o - 7 beef jerkies
 K - 39 fruits
 U - 12 royal jellies


   Skills:
 O Level 27 Fighting
 + Level 24.3 Long Blades
 - Level 15.3 Armour
 - Level 2.1 Dodging
 - Level 6.0 Stealth
 - Level 15.3 Shields


You had 19 spell levels left.
You didn't know any spells.

Dungeon Overview and Level Annotations

Branches:
Dungeon (15/15)            Temple (1/1) D:5            Lair (8/8) D:10
  Swamp (5/5) Lair:4       Spider (0/5) Lair:5        Slime (6/6) Lair:6
    Orc (4/4) D:11            Elf (3/3) Orc:3        Vaults (0/5) D:14
 Depths (0/5) D:15

Altars:
Elyvilon
Fedhas
Gozag
Makhleb
Okawaru
Qazlal
Ru
Sif Muna
Trog
Zin
The Shining One
Beogh

Shops:
D:8 *   Orc:3 *   Orc:4 [[((   Elf:1 %[[   Elf:2 ?

Portals:
Trove: Elf:1 (give 12 potions of heal wounds)

Annotations:
Lair:8 1 runed door


Innate Abilities, Weirdness & Mutations

You reflexively headbutt those who attack you in melee.
You have a pair of horns on your head.
You have sharp toenails.
Your spells are a little harder to cast, but a little more powerful.


Message History

The azure jelly barely misses you. The azure jelly hits you!
* * * LOW HITPOINT WARNING * * *
The death ooze hits you!!
* * * LOW HITPOINT WARNING * * *
The death ooze closely misses you. The golden eye blinks at you.
You are more confused.
The azure jelly barely misses you. The azure jelly hits you!
* * * LOW HITPOINT WARNING * * *
The azure jelly freezes you. You resist.
* * * LOW HITPOINT WARNING * * *
The azure jelly hits you!
* * * LOW HITPOINT WARNING * * *
The azure jelly closely misses you.
You barely miss the azure jelly. The azure jelly hits you.
* * * LOW HITPOINT WARNING * * *
The azure jelly freezes you. You resist.
* * * LOW HITPOINT WARNING * * *
The azure jelly hits you.
You die...

..................##
......................#
##.....................#
###.....................#
$?##...................###
:$###...J...............#
?###..J.JJJ............##
/###...JJJJJJ...........#
##.....JJJJ@............#
##......JJJ...........###
#.......GJJ............#
..............<.........#
...................#.....#
..............#######..##
............### .##
............# .#
............# ##


You could see 4 acid blobs, 9 azure jellies, 6 death oozes, a jelly and a golden
eye.

Vanquished Creatures
  the royal jelly (Slime:6)
  the Lernaean hydra (Swamp:5)
  Nikola (Swamp:5)
  A Brimstone Fiend (Elf:3)
  A tentacled monstrosity (Swamp:2)
  Asterion (Elf:2)
  2 deep elf blademasters (Elf:3)
  23 acid blobs
  2 deep elf master archers (Elf:3)
  A tentacled starspawn (Abyss:1)
  Rupert (Lair:3)
  Kirke (D:14)
  Frances (Swamp:2)
  A thorn hunter (Swamp:2)
  A fire giant (D:15)
  Donald (Orc:4)
  Maud (Swamp:1)
  8 azure jellies
  4 deep elf sorcerers (Elf:3)
  7 deep elf demonologists
  Azrael (Elf:2)
  7 deep elf annihilators
  2 deep elf death magi (Elf:3)
  A death ooze (Slime:4)
  A minotaur (Lab)
  2 deep elf high priests (Elf:3)
  Josephine (D:14)
  6 great orbs of eyes
  A fire dragon (Lair:8)
  18 hydras
  An ice dragon (Lair:8)
  Harold (D:13)
  Nessos (D:12)
  A ghost crab (Swamp:5)
  Erica (D:11)
  15 dancing weapons (Elf:2)
  3 centaur warriors
  8 alligators
  17 death yaks
  An orc high priest (Elf:1)
  A spriggan berserker (Swamp:3)
  3 sun demons
  3 thrashing horrors (Abyss:2)
  The ghost of tgcid9999 the Infuser, an experienced HaSk of Nemelex Xobeh (D:8)
  The ghost of patheticliltramp the Basher, a powerful VSBe of Trog (D:10)
  15 deep elf knights
  12 skeletal warriors
  2 wizards
  8 hill giants
  5 deep elf summoners
  3 unseen horrors
  2 giant orange brains (Slime:4)
  9 swamp dragons
  3 shambling mangroves
  3 spriggan druids
  2 lindwurms (Lair:8)
  3 cyclopes
  A large abomination (Abyss:2)
  5 orc knights
  3 shining eyes
  23 deep elf conjurers
  3 orc sorcerers
  A wolf spider (D:13)
  A worldbinder (Abyss:2)
  9 ugly things
  3 elephants (Lair:5)
  4 manticores
  Maurice (D:13)
  A centaur zombie (D:12)
  Joseph (Orc:3)
  2 gargoyles
  6 torpor snails (Lair:8)
  2 eyes of devastation
  An orange demon (Orc:3)
  A komodo dragon (shapeshifter) (D:14)
  Psyche (D:10)
  6 black mambas
  A smoke demon (Orc:3)
  A demonic crawler (Elf:1)
  11 komodo dragons
  A tengu conjurer (D:13)
  23 spiny frogs
  A hellion (Elf:3)
  3 fire drakes (Lair:8)
  2 red devils (Elf:3)
  10 deep elf priests
  A queen bee (Lair:7)
  A hellwing (Elf:3)
  The ghost of mcwill97 the Slasher, an experienced GrBe of Trog (D:4)
  2 small abominations (Abyss:2)
  A merfolk (D:10)
  Sonja (D:12)
  4 two-headed ogres
  3 jumping spiders (Elf:1)
  2 polar bears
  83 slime creatures
  17 giant leeches
  9 baby alligators
  13 bog bodies
  22 blink frogs
  2 raiju (Abyss:2)
  8 trolls
  16 ravens
  A harpy skeleton (D:15)
  2 trapdoor spiders
  7 basilisks
  24 deep elf magi
  8 shadows
  A vampire (Abyss:2)
  3 redbacks (Elf:1)
  A ynoxinul (Abyss:2)
  12 spriggans
  2 humans (D:8)
  41 yaks
  19 golden eyes
  8 wraiths
  8 hogs
  Eustachio (D:7)
  3 fire elementals (Elf:2)
  A water elemental (D:15)
  3 hungry ghosts
  7 steam dragons
  10 vampire mosquitoes
  10 hippogriffs
  23 deep elf fighters
  A mottled dragon (Lair:8)
  3 wyverns
  9 wolves
  15 insubstantial wisps
  29 swamp worms
  3 hell hounds (Elf:2)
  A spectral blink frog (Swamp:5)
  16 water moccasins
  A soldier ant (D:12)
  14 swamp drakes
  3 porcupines
  48 orc warriors
  3 phantoms
  11 black bears
  2 necrophages
  6 sky beasts
  3 ice beasts
  10 ogres
  12 eyes of draining
  32 centaurs
  18 wasps
  4 wandering mushrooms (D:8)
  Sigmund (D:5)
  19 crocodiles
  3 brain worms (Lair:8)
  21 giant frogs
  A wyvern zombie (D:12)
  5 big kobolds
  A gnoll sergeant (D:9)
  28 killer bees
  3 scorpions
  A spectral ogre (Swamp:5)
  A spectral felid (Swamp:5)
  4 wights
  2 oklob saplings (D:8)
  9 electric eels
  9 crimson imps
  2 goliath beetles (D:7)
  8 hounds
  A giant frog zombie (D:10)
  8 centaur skeletons
  31 jellies
  30 orc priests
  41 orc wizards
  2 giant frog skeletons
  13 iguanas
  2 gnoll shamans
  A spectral swamp drake (Swamp:5)
  2 hell rats (Elf:1)
  7 worker ants
  53 sheep
  Ijyb (D:6)
  A mummy (D:12)
  12 gnolls
  24 adders
  73 river rats
  3 shadow imps
  3 white imps (Lair:8)
  19 worms
  3 adder zombies
  2 adder skeletons (D:9)
  An ooze (D:7)
  216 orcs
  12 bats
  2 bat skeletons
  A bat zombie (D:7)
  8 giant cockroaches
  20 goblins
  22 hobgoblins
  20 jackals
  21 kobolds
  8 quokkas
  A ball python (D:4)
  10 giant geckos
  A giant newt (D:3)
  A jackal skeleton (D:4)
  A quokka skeleton (D:4)
  15 rats
  A rat zombie (D:7)
  4 ballistomycetes
  2 bushes (D:10)
  2 fungi (Elf:3)
  8 plants
1805 creatures vanquished.

Vanquished Creatures (others)
  An alligator (Swamp:5)
  A baby alligator (Swamp:5)
  A deep elf fighter (Elf:1)
  A vampire mosquito (Swamp:4)
  A lost soul (Elf:3)
  An orc wizard (D:6)
  An orc (D:6)
  2 giant spores
  6 fungi (Lair:8)
  19 plants (Lair:8)
  2 starspawn tentacles (Abyss:1)
36 creatures vanquished.

Grand Total: 1841 creatures vanquished

Notes
Turn   | Place    | Note
--------------------------------------------------------------
     0 | D:1      | mcwill97, the Minotaur Berserker, began the quest for the Orb.
     0 | D:1      | Reached XP level 1. HP: 19/19 MP: 1/1
    31 | D:1      | Reached skill level 4 in Long Blades
    80 | D:1      | Reached XP level 2. HP: 23/26 MP: 1/1
   255 | D:1      | Acquired Trog's second power
   568 | D:2      | Reached skill level 5 in Long Blades
   578 | D:2      | Reached XP level 3. HP: 31/31 MP: 2/2
  1100 | D:2      | Reached XP level 4. HP: 39/39 MP: 2/2
  1115 | D:2      | Reached skill level 6 in Long Blades
  1263 | D:2      | You fall through a shaft for 2 floors!
  1533 | D:3      | Reached skill level 7 in Long Blades
  1533 | D:3      | Reached XP level 5. HP: 17/45 MP: 2/2
  1955 | D:3      | Found a bloodstained altar of Trog.
  1955 | D:3      | Found a sacrificial altar of Ru.
  2220 | D:2      | Found a blossoming altar of Fedhas.
  2346 | D:4      | Acquired Trog's third power
  2356 | D:4      | Noticed a phantom
  2389 | D:4      | Killed a phantom
  2389 | D:4      | Reached skill level 8 in Long Blades
  2389 | D:4      | Reached XP level 6. HP: 43/51 MP: 3/3
  2494 | D:4      | Reached skill level 9 in Long Blades
  2671 | D:4      | Reached XP level 7. HP: 48/57 MP: 3/3
  2943 | D:4      | Noticed mcwill97's ghost (experienced GrBe)
  2952 | D:4      | Killed mcwill97's ghost
  2952 | D:4      | Reached skill level 10 in Long Blades
  3163 | D:5      | Entered Level 5 of the Dungeon
  3343 | D:5      | Found a glowing golden altar of the Shining One.
  3354 | D:5      | You fall through a shaft for 3 floors!
  3445 | D:8      | Received a gift from Trog
  3459 | D:8      | Reached skill level 11 in Long Blades
  3492 | D:8      | Noticed tgcid9999's ghost (experienced HaSk)
  3513 | D:8      | Killed tgcid9999's ghost
  3513 | D:8      | Reached skill level 12 in Long Blades
  3513 | D:8      | Reached XP level 8. HP: 64/64 MP: 3/3
  3549 | D:8      | Reached skill level 13 in Long Blades
  3734 | D:7      | Noticed Eustachio
  3750 | D:7      | Killed Eustachio
  3750 | D:7      | Reached XP level 9. HP: 70/70 MP: 4/4
  3825 | D:6      | Reached skill level 14 in Long Blades
  4214 | D:6      | Received a gift from Trog
  4602 | D:6      | Noticed Ijyb
  4608 | D:6      | Killed Ijyb
  4817 | D:6      | Reached skill level 5 in Fighting
  5210 | D:5      | Found a sacrificial altar of Ru.
  5224 | D:5      | Found a staircase to the Ecumenical Temple.
  5230 | Temple   | Entered the Ecumenical Temple
  5317 | D:5      | Noticed Sigmund
  5325 | D:5      | Killed Sigmund
  6160 | D:8      | Received a gift from Trog
  6225 | D:8      | Found an iron altar of Okawaru.
  6227 | D:8      | Noticed a human
  6227 | D:8      | Noticed a human
  6231 | D:8      | Killed a human
  6234 | D:8      | Killed a human
  6234 | D:8      | Reached XP level 10. HP: 85/91 MP: 1/4
  6452 | D:8      | Found a glowing silver altar of Zin.
  6453 | D:8      | Found Zin's Purification Station.
  6660 | D:8      | Noticed a wandering mushroom
  6666 | D:8      | Killed a wandering mushroom
  6772 | D:8      | Found a blossoming altar of Fedhas.
  6772 | D:8      | Noticed a wandering mushroom
  6772 | D:8      | Noticed a wandering mushroom
  6772 | D:8      | Noticed a wandering mushroom
  6773 | D:8      | Killed a wandering mushroom
  6773 | D:8      | Reached skill level 10 in Fighting
  6780 | D:8      | Killed a wandering mushroom
  6785 | D:8      | Killed a wandering mushroom
  7453 | D:9      | Received a gift from Trog
  7957 | D:10     | Entered Level 10 of the Dungeon
  7964 | D:10     | Noticed a hill giant
  7975 | D:10     | Killed a hill giant
  7979 | D:10     | Reached XP level 11. HP: 92/107 MP: 1/4
  8305 | D:10     | Noticed patheticliltramp's ghost (powerful VSBe)
  8316 | D:10     | Killed patheticliltramp's ghost
  8436 | D:10     | Found a staircase to the Lair.
  8632 | D:10     | Noticed Psyche
  8639 | D:10     | Killed Psyche
  8639 | D:10     | Reached skill level 15 in Long Blades
  8760 | D:10     | Noticed a hill giant
  8789 | D:10     | Received a gift from Trog
  8915 | D:10     | Killed a hill giant
  8916 | D:10     | Reached skill level 16 in Long Blades
  9020 | D:10     | Noticed a hill giant
  9032 | D:10     | Killed a hill giant
  9555 | D:10     | Found an opulent altar of Gozag.
  9705 | D:10     | Reached skill level 17 in Long Blades
 10170 | D:11     | Reached XP level 12. HP: 105/118 MP: 1/5
 10347 | D:11     | Found a staircase to the Orcish Mines.
 10363 | D:11     | Received a gift from Trog
 10565 | D:11     | Noticed Erica
 10568 | D:11     | Killed Erica
 10627 | D:11     | Reached skill level 18 in Long Blades
 11004 | Lair:1   | Entered Level 1 of the Lair of Beasts
 11062 | Lair:1   | Reached skill level 5 in Armour
 12123 | Lair:2   | Received a gift from Trog
 12662 | Lair:2   | Noticed a seven-headed hydra
 12663 | Lair:2   | Reached skill level 10 in Armour
 12668 | Lair:2   | Killed a nine-headed hydra
 12677 | Lair:2   | Found a deep blue altar of Sif Muna.
 13177 | Lair:3   | Reached XP level 13. HP: 112/125 MP: 1/5
 13470 | Lair:3   | Received a gift from Trog
 13865 | Lair:4   | Noticed Rupert
 13880 | Lair:3   | Killed Rupert
 14317 | Lair:4   | Found a staircase to the Swamp.
 14749 | Lair:4   | Gained mutation: Your spells are a little harder to cast, but a little more powerful. [potion of beneficial mutation]
 14833 | Lair:5   | Received a gift from Trog
 14960 | Lair:5   | Found a hole to the Spider Nest.
 15003 | Lair:5   | Found a labyrinth entrance.
 15033 | Lab      | Entered a labyrinth
 15579 | Lair:5   | Reached skill level 5 in Shields
 15872 | Lair:6   | Found a staircase to the Slime Pits.
 16014 | Lair:6   | Received a gift from Trog
 16463 | Lair:7   | Reached skill level 10 in Shields
 16780 | Lair:7   | Reached XP level 14. HP: 126/133 MP: 1/5
 16812 | Lair:7   | Received a gift from Trog
 17229 | Lair:8   | Entered Level 8 of the Lair of Beasts
 18021 | Lair:8   | Received a gift from Trog
 18097 | Lair:8   | Reached skill level 15 in Shields
 18316 | Lair:8   | Reached skill level 15 in Fighting
 18373 | Lair:8   | Received a gift from Trog
 18380 | Lair:8   | Got a steaming demon blade {god gift}
 18390 | Lair:8   | Identified the +7 demon blade of Xeten {venom, Stlth+} (Trog gifted it to you on level 8 of the Lair of Beasts)
 18634 | Lair:8   | Found a runed door.
 18946 | Lair:8   | Received a gift from Trog
 19772 | D:12     | Noticed Sonja
 19779 | D:12     | Cast into the Abyss (Sonja)
 19811 | Abyss:1  | Noticed a tentacled starspawn
 19814 | Abyss:1  | Killed a tentacled starspawn
 19814 | Abyss:1  | Reached XP level 15. HP: 136/147 MP: 2/6
 19856 | Abyss:2  | Found a corrupted altar of Lugonu.
 20119 | D:12     | Escaped the Abyss
 20121 | D:12     | Killed Sonja
 20140 | D:12     | Noticed Nessos
 20153 | D:12     | Killed Nessos
 20397 | D:12     | Found a white marble altar of Elyvilon.
 21100 | D:13     | Reached skill level 19 in Fighting
 21102 | D:13     | Received a gift from Trog
 21590 | D:13     | Noticed Harold
 21600 | D:13     | Killed Harold
 21622 | D:13     | Noticed Maurice
 21629 | D:13     | Killed Maurice
 21772 | D:13     | Received a gift from Trog
 22443 | D:14     | Noticed Kirke
 22454 | D:14     | Killed Kirke
 22454 | D:14     | Reached skill level 20 in Fighting
 22605 | D:14     | Noticed Josephine
 22610 | D:14     | Killed Josephine
 23076 | D:14     | Found a gate to the Vaults.
 23318 | D:15     | Entered Level 15 of the Dungeon
 23344 | D:15     | Received a gift from Trog
 23595 | D:15     | Found a staircase to the Depths.
 23755 | D:15     | Reached XP level 16. HP: 68/165 MP: 2/6
 24101 | D:15     | Reached skill level 21 in Fighting
 24874 | Orc:1    | Entered Level 1 of the Orcish Mines
 25011 | Orc:1    | Received a gift from Trog
 25370 | Orc:2    | Received a gift from Trog
 26164 | Orc:3    | Found a staircase to the Elven Halls.
 26204 | Orc:3    | Received a gift from Trog
 26235 | Orc:3    | Noticed Joseph
 26252 | Orc:3    | Killed Joseph
 26327 | Orc:3    | Found Zuvam Isti's Assorted Antiques.
 26333 | Orc:3    | Bought a leatherbound manual for 390 gold pieces
 26333 | Orc:3    | Bought a sedimented silvery potion for 23 gold pieces
 26354 | Orc:3    | Found a roughly hewn altar of Beogh.
 26388 | Orc:4    | Entered Level 4 of the Orcish Mines
 26450 | Orc:4    | Found a bloodstained altar of Trog.
 26599 | Orc:4    | Reached skill level 1 in Stealth
 26605 | Orc:4    | Noticed Donald
 26623 | Orc:4    | Killed Donald
 26629 | Orc:4    | Received a gift from Trog
 27166 | Orc:4    | Received a gift from Trog
 27216 | Orc:4    | Reached skill level 5 in Stealth
 27221 | Orc:4    | Received a gift from Trog
 27321 | Orc:4    | Found Preczeipn's Weapon Shoppe.
 27321 | Orc:4    | Found Veacris' Antique Armour Shop.
 27505 | Orc:4    | Found Gruore Lionn's Armour Boutique.
 27507 | Orc:4    | Found Praegh's Weapon Emporium.
 27539 | Orc:4    | Bought a pair of glowing boots for 99 gold pieces
 27895 | Swamp:1  | Entered Level 1 of the Swamp
 28120 | Swamp:1  | Reached skill level 22 in Fighting
 28223 | Swamp:1  | Noticed Maud
 28232 | Swamp:1  | Killed Maud
 28620 | Swamp:1  | Received a gift from Trog
 28693 | Swamp:2  | Noticed Frances
 28712 | Swamp:2  | Killed Frances
 28723 | Swamp:2  | Received a gift from Trog
 28755 | Swamp:2  | Noticed a tentacled monstrosity
 28762 | Swamp:2  | Killed a tentacled monstrosity
 29438 | Swamp:3  | Reached skill level 23 in Fighting
 29678 | Swamp:3  | Received a gift from Trog
 29724 | Swamp:3  | Reached XP level 17. HP: 141/180 MP: 2/6
 30753 | Swamp:5  | Entered Level 5 of the Swamp
 30886 | Swamp:5  | Reached skill level 24 in Fighting
 31046 | Swamp:5  | Received a gift from Trog
 31117 | Swamp:5  | Noticed the 27-headed Lernaean hydra
 31125 | Swamp:5  | Killed the 27-headed Lernaean hydra
 31138 | Swamp:5  | Got a decaying rune of Zot
 31265 | Swamp:5  | Noticed Nikola
 31394 | Swamp:5  | Killed Nikola
 31659 | Swamp:5  | Reached skill level 25 in Fighting
 31971 | Lair:2   | Identified a scroll of acquirement
 32135 | Elf:1    | Entered Level 1 of the Elven Halls
 32375 | Elf:1    | Found Fowniyk's Armour Emporium.
 32391 | Elf:1    | Found Xaohey's Food Emporium.
 32556 | Elf:1    | Received a gift from Trog
 32881 | Elf:1    | Found Hyehaet's Antique Armour Boutique.
 33064 | Elf:1    | Found a portal to a secret trove of treasure.
 33188 | Elf:1    | Received a gift from Trog
 33259 | Elf:1    | Got a pair of distressingly furry boots
 33270 | Elf:1    | Identified the +3 pair of boots of the Crypt {+Fly rN++ MR-} (You acquired it on level 1 of the Elven Halls)
 33379 | Elf:2    | Reached XP level 18. HP: 195/195 MP: 2/7
 33382 | Elf:2    | Found a runed gate.
 33383 | Elf:2    | Found a runed gate.
 33383 | Elf:2    | Found a runed gate.
 33594 | Elf:2    | Found Cotar's Magic Scroll Boutique.
 33664 | Elf:2    | Bought a scroll of brand weapon for 380 gold pieces
 33664 | Elf:2    | Bought a scroll of teleportation for 57 gold pieces
 33881 | Elf:2    | Noticed Azrael
 33893 | Elf:2    | Killed Azrael
 33893 | Elf:2    | Reached skill level 26 in Fighting
 33910 | Elf:2    | Noticed Asterion
 33917 | Elf:2    | Killed Asterion
 34472 | Elf:3    | Entered Level 3 of the Elven Halls
 34487 | Elf:3    | Received a gift from Trog
 35079 | Elf:3    | Noticed a Brimstone Fiend
 35092 | Elf:3    | Killed a Brimstone Fiend
 35319 | Elf:3    | Reached skill level 27 in Fighting
 35358 | Elf:3    | Received a gift from Trog
 35833 | Elf:3    | Reached skill level 15 in Armour
 36656 | Slime:1  | Entered Level 1 of the Pits of Slime
 36835 | Slime:1  | Reached XP level 19. HP: 162/206 MP: 0/7
 37617 | Slime:3  | Received a gift from Trog
 38676 | Slime:4  | Received a gift from Trog
 38908 | Slime:4  | Gained mutation: You have sharp toenails. [a shining eye]
 39111 | Slime:4  | Lost intelligence.
 39864 | Slime:6  | Entered Level 6 of the Pits of Slime
 40248 | Slime:6  | Noticed the royal jelly
 40511 | Slime:6  | Killed the royal jelly
 40511 | Slime:6  | Reached XP level 20. HP: 215/215 MP: 1/7
 40518 | Slime:6  | HP: 12/322 [azure jelly[the royal jelly] (10)]
 40519 | Slime:6  | HP: 2/322 [azure jelly[the royal jelly] (6)]
 40519 | Slime:6  | Slain by an azure jelly

Action                   |  1- 3 |  4- 6 |  7- 9 | 10-12 | 13-15 | 16-18 | 19-21 || total
-------------------------+-------+-------+-------+-------+-------+-------+-------++-------
Melee: Falchion          |    67 |   147 |   208 |       |       |       |       ||   422
       Great sword       |       |       |   103 |       |       |       |       ||   103
       Demon blade       |       |       |     2 |   481 |   926 |       |       ||  1409
       Double sword      |       |       |       |       |   164 |  1426 |   270 ||  1860
Invok: Berserk           |       |       |     5 |     2 |     5 |     8 |     1 ||    21
       Burn Spellbooks   |       |       |       |     3 |     3 |     6 |       ||    12
  Use: Scroll            |       |       |     1 |     2 |    38 |    12 |       ||    53
       Potion            |       |       |       |       |     3 |       |     5 ||     8
 Stab: Sleeping          |     1 |       |       |       |       |       |       ||     1
       Fleeing           |       |       |     1 |       |       |       |       ||     1
       Confused          |       |       |       |       |       |     1 |       ||     1
  Eat: Chunk             |       |     6 |    15 |    22 |    22 |    46 |       ||   111
       Fruit             |       |       |     1 |     1 |     1 |     1 |       ||     4
       Bread ration      |       |       |       |       |     2 |       |     3 ||     5
       Meat ration       |       |       |       |       |     1 |     1 |       ||     2
       Pizza             |       |       |       |       |     1 |       |       ||     1
